 Dungeon Crawl Stone Soup version 0.20-a0-263-g81abdfb (webtiles) character file.

74013 nubinia the Destroyer (level 15, -4/82 HPs)
             Began as a Tengu Fire Elementalist on Dec 2, 2016.
             Was a High Priest of Vehumet.
             Killed by divine providence
             ... invoked by Saint Roka
              (14 damage)
             ... on level 2 of the Orcish Mines on Dec 4, 2016.
             The game lasted 03:35:18 (29710 turns).

nubinia the Destroyer (Tengu Fire Elementalist)    Turns: 29710, Time: 03:35:19

Health: -4/82      AC: 21    Str: 11    XL:     15   Next: 45%
Magic:  32/32      EV: 21    Int: 21    God:    Vehumet [*****.]
Gold:   1749       SH:  5    Dex: 27    Spells: 3/39 levels left

rFire  + . .     SeeInvis +     b - +0 blowgun
rCold  . . .     Gourm    .     C - +4 ring mail of Gallantry {rF+ MR+}
rNeg   . . .     Faith    .     h - +0 buckler
rPois  .         Spirit   .     i - +2 hat {SInv}
rElec  .         Reflect  .     z - +2 cloak
rCorr  .         Harm     .     p - +2 pair of gloves of Isuserra {Dex+5}
MR     ++...                    (boots unavailable)
Stlth  ++++......               (no amulet)
                                u - +3 ring of dexterity
                                G - +4 ring of dexterity

@: flying quickly and evasively, repel missiles, quick
A: beak, talons 3, repulsion field 1, rugged brown scales 1, yellow scales 1,
strong 1, able to fly 2
a: Stop Flying, Renounce Religion


You were on level 2 of the Orcish Mines.
You worshipped Vehumet.
Vehumet was extremely pleased with you.
You were not hungry.

You visited 3 branches of the dungeon, and saw 18 of its levels.
You also visited: Labyrinth, Sewer and Volcano.

You collected 2527 gold pieces.
You spent 778 gold pieces at shops.

Inventory:

Hand Weapons
 a - a +2 dagger of protection
 b - a +0 blowgun (weapon)
 y - a +0 dagger of freezing
 Q - the +6 hand axe "Killer Bee's Doom" {protect, *Noise +Rage rElec SInv}
   (You found it on level 5 of the Lair of Beasts)

   It protects the one who uses it against injury (+AC on strike).
   It insulates you from electricity.
   It lets you see invisible.
   It lets you go berserk.
   It may make noises in combat.
Missiles
 f - 6 curare-tipped needles (quivered)
 v - 53 poisoned needles
Armour
 e - a +3 ring mail
 h - a +0 buckler (worn)
 i - a +2 hat of see invisible (worn)
 l - the -6 cloak "Caps" {rC+}
   (You bought it in a shop on level 2 of the Orcish Mines)

   It protects you from cold.
 p - the +2 pair of gloves of Isuserra (worn) {Dex+5}
   (You bought it in a shop on level 6 of the Dungeon)

   It affects your dexterity (+5).
 r - a +2 leather armour of poison resistance
 z - a +2 cloak (worn)
 C - the +4 ring mail of Gallantry (worn) {rF+ MR+}
   (You found it on level 5 of the Dungeon)

   It protects you from fire.
   It affects your resistance to hostile enchantments.
Magical Staves
 W - an uncursed staff of conjuration
Jewellery
 t - an uncursed ring of protection from fire
 u - a +3 ring of dexterity (right hand)
 G - a +4 ring of dexterity (left hand)
 L - the amulet of Ulebreile {+Rage rC+ Str-3 SInv}
   (You found it in a labyrinth)

   [amulet of rage]

   It affects your strength (-3).
   It protects you from cold.
   It lets you see invisible.
   It lets you go berserk.
Wands
 g - a wand of hasting (5/9)
 k - a wand of iceblast (7/15)
 D - a wand of lightning (1/15)
 F - a wand of digging (15/24)
 J - a wand of flame (26/48)
 O - a wand of random effects (28/48)
Scrolls
 j - 2 scrolls of summoning
 o - 3 scrolls of teleportation
 q - 7 scrolls of blinking
 A - 4 scrolls of fog
 E - 3 scrolls of magic mapping
 P - 3 scrolls of brand weapon
 T - 5 scrolls of remove curse
 U - 3 scrolls of identify
 Z - a scroll of recharging
Potions
 m - a potion of haste
 n - 3 potions of agility
 s - 2 potions of ambrosia
 B - a potion of resistance
 H - 4 potions of might
 R - 5 potions of heal wounds
 V - 2 potions of curing
Miscellaneous
 d - a box of beasts
 S - a sack of spiders
Comestibles
 c - 2 chunks of flesh
 K - 7 slices of pizza


   Skills:
 + Level 4.0 Fighting
 + Level 5.5 Short Blades
   Level 0.4 Maces & Flails
 + Level 2.8 Throwing
 + Level 6.3 Armour
 + Level 6.9 Dodging
 + Level 7.7 Stealth
 + Level 1.0 Shields
 + Level 12.8 Spellcasting
 * Level 14.4 Conjurations
 + Level 0.1 Charms
 + Level 3.6 Summonings
 + Level 4.9 Necromancy
 + Level 0.1 Translocations
 + Level 11.9 Fire Magic
 + Level 1.6 Ice Magic
 + Level 10.4 Air Magic
 - Level 1.0 Poison Magic
 + Level 2.8 Evocations


You had 3 spell levels left.
You knew the following spells:

 Your Spells              Type           Power        Failure   Level  Hunger
a - Throw Flame           Conj/Fire      ######       1%          2    None
b - Airstrike             Air            ######....   1%          4    None
c - Mephitic Cloud        Conj/Pois/Air  #####...     1%          3    None
d - Sticky Flame          Conj/Fire      ######..     1%          4    None
e - Sting                 Conj/Pois      ####         1%          1    None
f - Force Lance           Conj/Tloc      #####...     3%          4    None
g - Stone Arrow           Conj/Erth      #####.       1%          3    None
h - Fireball              Conj/Fire      ######....   1%          5    ####...
i - Conjure Flame         Conj/Fire      ######..     1%          3    None
j - Flame Tongue          Conj/Fire      #####        1%          1    None
k - Summon Small Mammal   Summ           ####         4%          1    None
l - Freeze                Ice            ###.         2%          1    None
r - Repel Missiles        Chrm/Air       #####.       3%          2    None
A - Apportation           Tloc           ##........   17%         1    None
S - Animate Skeleton      Necr           N/A          1%          1    None


Dungeon Overview and Level Annotations

Branches:
Dungeon (10/15)            Temple (0/1) D:6            Lair (6/6) D:10
 Shoals (0/4) Lair:3       Spider (0/4) Lair:4        Slime (0/5) Lair:6
    Orc (2/2) D:9             Elf (0/3) Orc:2

Altars:
Ashenzari
Elyvilon
Fedhas
Hepliaklqana
Kikubaaqudgha
Makhleb
Nemelex Xobeh
Uskayaw
Vehumet
Zin
The Shining One
Beogh

Shops:
D:4 (   D:6 [   Orc:2 [:[(

Portals:
Hell: Lair:6

Annotations:
D:3 1 runed door
D:4 Edmund
D:5 Grinder, Prince Ribbit
Orc:2 Saint Roka


Innate Abilities, Weirdness & Mutations

You have a beak for a mouth.
You have claws for feet.
You can fly continuously.
You are surrounded by a mild repulsion field. (EV +2)
You are partially covered in rugged brown scales. (AC +1, +3% HP)
You are partially covered in yellow scales. (AC +2)
Your muscles are strong. (Str +2)


Message History

The curare-tipped needle hits Saint Roka.
Saint Roka hits you from afar with a glaive of venom!!
Firing (i - inventory. (,) - cycle):
f - 7 curare-tipped needles (quivered)
Press: ? - help, Shift-Dir - straight line, f/p - Saint Roka
Aim: Saint Roka, wielding a glaive of venom and wearing a runed chain mail You shoot a curare-tipped needle.
The curare-tipped needle hits Saint Roka.
Saint Roka hits your orc priest skeleton with a glaive of venom!!
Your orc priest skeleton is destroyed!
Things that are here:
a trident; a plate armour Saint Roka mumbles some strange prayers to Beogh against you.
Beogh smites you!
* * * LOW HITPOINT WARNING * * *
Saint Roka calls down the wrath of Beogh upon you.
Beogh smites you!
* * * LOW HITPOINT WARNING * * *
Saint Roka calls down the wrath of Beogh upon you.
Beogh smites you!
You die...

. ## ##.#...##....#)).##
..###.####)..#.#.##....[...#
........#...#.....#...##..##
............#.....##.##.###
....#(.).o...............## ..o
##.##...o......#....#.## '#
###....[........#.....#
###...................##
##..........@#..........#
#......##.............[##
##.##.##..............####### ##
#####..........#...##....
##......[....#[.#..###
############.#....)[.........###.
#............................# #.
#.#########.)...#(..........####.
#.##....8.#.#..(.#..........#.8##


You could see Saint Roka and an orc.

Vanquished Creatures
  Gastronok (Lair:1)
  3 orc warlords
  A minotaur (Lab)
  Fannar (Lair:2)
  2 hydras
  A catoblepas (Lair:6)
  3 orc high priests
  Sonja (D:10)
  Nergalle (Orc:1)
  A sun demon (Lair:6)
  2 skeletal warriors (Volcano)
  A wizard (Lair:6)
  A hill giant (D:9)
  2 unseen horrors (Lab)
  2 lindwurms (Lair:5)
  2 orc knights (Orc:1)
  3 orc sorcerers
  An ugly thing (D:9)
  2 oklob plants
  A deep elf mage (D:10)
  A merfolk siren (Lair:3)
  8 black mambas
  3 gargoyles (Volcano)
  A molten gargoyle (Lair:3)
  5 komodo dragons
  5 spiny frogs
  4 rime drakes
  A red devil (Lair:6)
  4 polar bears
  4 ice devils (Lair:6)
  A hellwing (Lair:6)
  A merfolk (Lair:3)
  3 trolls
  17 blink frogs
  7 hippogriffs
  A harpy skeleton (Volcano)
  4 dream sheep (Lair:6)
  3 flying skulls (Volcano)
  An alligator skeleton (Volcano)
  A wyvern (Lair:6)
  Sigmund (D:6)
  36 yaks
  4 hogs (D:7)
  A basilisk (Lair:2)
  A human (D:7)
  2 hungry ghosts
  Eustachio (D:6)
  12 wargs
  12 water moccasins
  10 porcupines
  2 sky beasts
  6 hell hounds
  A black bear (D:6)
  52 orc warriors
  3 ice beasts
  A necrophage (D:10)
  7 wolves
  5 ogres
  A centaur (D:9)
  3 phantoms
  11 crocodiles
  A big kobold (D:8)
  Blork the orc (D:6)
  10 bullfrogs
  A wyvern zombie (D:9)
  2 gnoll sergeants
  4 scorpions
  A troll skeleton (Volcano)
  3 electric eels
  A spriggan skeleton (Volcano)
  2 howler monkeys (D:7)
  2 crimson imps
  A quasit (D:5)
  29 orc priests
  4 hounds
  4 jellies
  Crazy Yiuf (D:4)
  2 centaur skeletons
  19 orc wizards
  3 iguanas
  6 worker ants
  A naga skeleton (Volcano)
  A hound zombie (D:5)
  11 adders
  6 gnolls (D:10)
  A howler monkey skeleton (D:4)
  2 shadow imps
  An ooze (Lair:6)
  3 worms
  3 dart slugs
  9 leopard geckos
  90 orcs
  5 giant cockroaches
  14 goblins
  7 hobgoblins
  19 jackals
  4 quokkas
  13 ball pythons
  6 bats
  13 frilled lizards
  A jackal skeleton (D:7)
  18 kobolds
  A quokka skeleton (D:4)
  7 rats
  A butterfly (Lair:4)
  2 fungi
  2 plants (Sewer)
617 creatures vanquished.

Vanquished Creatures (collateral kills)
  A dire elephant (Lair:6)
  A catoblepas (Lair:5)
  An orc knight (Orc:2)
  An orc sorcerer (Orc:2)
  4 black mambas
  A spiny frog (Lair:4)
  4 komodo dragons
  A hippogriff (Lair:6)
  2 yaks
  A basilisk (Lair:6)
  A warg (Orc:2)
  A water moccasin (Lair:3)
  A porcupine (Lair:4)
  2 orc warriors
  4 wolves (Lair:4)
  2 bullfrogs
  3 orc priests (Orc:2)
  An orc wizard (Orc:2)
  10 orcs (Orc:2)
42 creatures vanquished.

Vanquished Creatures (others)
  A komodo dragon (Lair:6)
  27 fungi
  28 plants
  6 toadstools (Lair:5)
62 creatures vanquished.

Grand Total: 721 creatures vanquished

Notes
Turn   | Place    | Note
-------+----------+-------------------------------------------
     0 | D:1      | nubinia the Tengu Fire Elementalist began the quest for the Orb.
     0 | D:1      | Reached XP level 1. HP: 10/10 MP: 4/4
   206 | D:1      | Reached XP level 2. HP: 7/15 MP: 0/6
   455 | D:1      | Learned a level 2 spell: Throw Flame
  1046 | D:1      | Reached XP level 3. HP: 16/19 MP: 2/7
  1051 | D:1      | Learned a level 3 spell: Conjure Flame
  1647 | D:2      | Gained mutation: Armour fits poorly on your strangely shaped body. [potion of mutation]
  1647 | D:2      | Gained mutation: You are dopey. (Int -2) [potion of mutation]
  1647 | D:2      | Gained mutation: You have an increased reservoir of magic. (+10% MP) [potion of mutation]
  1829 | D:2      | Reached skill level 2 in Conjurations
  1932 | D:2      | Reached XP level 4. HP: 24/24 MP: 4/9
  2752 | D:3      | Found a glowing golden altar of the Shining One.
  2752 | D:3      | Noticed an angel
  2914 | D:3      | Found a glowing drain.
  2918 | Sewer    | Entered a sewer
  3582 | Sewer    | Gained mutation: You can fly. [Tengu growth]
  3582 | Sewer    | Reached XP level 5. HP: 26/28 MP: 7/11
  4644 | D:3      | Found a runed door.
  5103 | D:3      | Found a white marble altar of Elyvilon.
  5110 | D:3      | Reached skill level 3 in Conjurations
  5112 | D:3      | Found a blossoming altar of Fedhas.
  5316 | D:3      | Found a shattered altar of Ashenzari.
  5316 | D:3      | Found a glowing silver altar of Zin.
  5318 | D:3      | Found a hide-covered altar of Uskayaw.
  5319 | D:3      | Found a radiant altar of Vehumet.
  5320 | D:3      | Found a glowing golden altar of the Shining One.
  5324 | D:3      | Became a worshipper of Vehumet
  5327 | D:3      | Found a sparkling altar of Nemelex Xobeh.
  5662 | D:4      | Noticed Edmund
  5669 | D:4      | Learned a level 4 spell: Sticky Flame
  5917 | D:4      | Reached XP level 6. HP: 21/33 MP: 3/13
  6381 | D:4      | Found Nocaiv's Weapon Boutique.
  6668 | D:4      | Reached skill level 4 in Conjurations
  6717 | D:4      | Reached * piety under Vehumet
  6717 | D:4      | Offered knowledge of Sandblast by Vehumet.
  6717 | D:4      | Reached skill level 5 in Fire Magic
  6908 | D:4      | Found a runed door.
  6912 | D:4      | Noticed Crazy Yiuf
  6918 | D:4      | Killed Crazy Yiuf
  7157 | D:5      | Entered Level 5 of the Dungeon
  7322 | D:5      | Noticed Prince Ribbit
  7371 | D:5      | Noticed Grinder
  7770 | D:5      | Reached XP level 7. HP: 37/37 MP: 3/15
  7858 | D:5      | Found an ancient bone altar of Kikubaaqudgha.
  7997 | D:5      | Got an amethyst-encrusted ring mail
  8008 | D:5      | Identified the +4 ring mail of Gallantry {rF+ MR+} (You found it on level 5 of the Dungeon)
  8323 | D:6      | Found Doxzivan's Antique Armour Shop.
  8326 | D:6      | Noticed Eustachio
  8587 | D:6      | Reached skill level 1 in Fighting
  8587 | D:6      | Reached skill level 5 in Spellcasting
  8589 | D:6      | Noticed Sigmund
  8952 | D:6      | Reached skill level 5 in Conjurations
  9150 | D:6      | Found a staircase to the Ecumenical Temple.
  9294 | D:6      | Killed Eustachio
  9294 | D:6      | Reached XP level 8. HP: 43/43 MP: 11/18
  9312 | D:6      | Killed Sigmund
  9463 | D:6      | Bought a pair of jewelled gloves for 266 gold pieces
  9468 | D:6      | Identified the +2 pair of gloves of Isuserra {Dex+5} (You bought it in a shop on level 6 of the Dungeon)
  9508 | D:6      | Reached skill level 6 in Conjurations
  9661 | D:6      | Noticed Blork the orc
  9689 | D:6      | Killed Blork the orc
  9925 | D:7      | Learned a level 1 spell: Sting
 10213 | D:7      | Noticed a hippogriff
 10224 | D:7      | Killed a hippogriff
 10404 | D:7      | Reached XP level 9. HP: 45/49 MP: 20/20
 10585 | D:7      | Reached skill level 1 in Short Blades
 10694 | D:7      | Reached skill level 7 in Conjurations
 10961 | D:7      | Got a steaming robe
 10972 | D:7      | Identified the +1 robe of Liberty {rC+ Stlth+} (You found it on level 7 of the Dungeon)
 11079 | D:7      | Reached ** piety under Vehumet
 11242 | D:8      | Found a radiant altar of Vehumet.
 11287 | D:8      | Offered knowledge of Freeze by Vehumet.
 11381 | D:8      | Reached skill level 8 in Conjurations
 11716 | D:8      | Learned a level 1 spell: Freeze
 11723 | D:7      | Reached skill level 5 in Dodging
 11984 | D:9      | Reached XP level 10. HP: 54/54 MP: 17/23
 11996 | D:9      | Found a staircase to the Orcish Mines.
 12019 | D:9      | Learned a level 3 spell: Stone Arrow
 12265 | D:9      | Reached skill level 9 in Conjurations
 12358 | D:9      | Found a hazy altar of Hepliaklqana.
 12360 | D:9      | Noticed a red ugly thing
 12600 | D:9      | Noticed a hill giant
 12613 | D:9      | Killed a hill giant
 12886 | D:10     | Entered Level 10 of the Dungeon
 12896 | D:10     | Noticed Sonja
 12970 | D:10     | Offered knowledge of Ignite Poison by Vehumet.
 13217 | D:10     | Found a staircase to the Lair.
 13494 | D:10     | Reached *** piety under Vehumet
 13531 | D:10     | Learned a level 2 spell: Repel Missiles
 13576 | D:10     | Reached skill level 1 in Throwing
 13636 | D:10     | Reached skill level 1 in Air Magic
 13741 | D:10     | Noticed a deep elf mage
 13751 | D:10     | Killed a deep elf mage
 13751 | D:10     | Reached skill level 10 in Conjurations
 13812 | D:10     | Reached XP level 11. HP: 60/60 MP: 21/26
 13829 | D:10     | Learned a level 5 spell: Fireball
 14053 | D:10     | Killed Sonja
 14501 | Lair:1   | Entered Level 1 of the Lair of Beasts
 14589 | Lair:1   | Found a dark tunnel.
 14669 | Lair:1   | Learned a level 3 spell: Mephitic Cloud
 14679 | Volcano  | Entered a volcano
 14724 | Volcano  | Offered knowledge of Fulminant Prism by Vehumet.
 14780 | Volcano  | Reached skill level 1 in Ice Magic
 14990 | Volcano  | Reached skill level 1 in Armour
 15241 | Volcano  | Noticed a skeletal warrior
 15261 | Volcano  | Killed a skeletal warrior
 15397 | Volcano  | Noticed a skeletal warrior
 15412 | Volcano  | Killed a skeletal warrior
 16129 | Lair:1   | Noticed Gastronok
 16180 | Lair:1   | Reached skill level 5 in Stealth
 16298 | Lair:1   | Reached **** piety under Vehumet
 16298 | Lair:1   | Reached skill level 11 in Conjurations
 16449 | Lair:1   | Reached skill level 5 in Air Magic
 16725 | Lair:1   | Killed Gastronok
 16725 | Lair:1   | Reached skill level 10 in Fire Magic
 16725 | Lair:1   | Reached XP level 12. HP: 64/64 MP: 2/29
 17056 | Lair:2   | Noticed Fannar
 17065 | Lair:2   | Killed Fannar
 17197 | Lair:2   | Upgraded the game from 0.20-a0-259-gc929cd2 to 0.20-a0-261-gcb1eca7
 17223 | Lair:2   | Offered knowledge of Bolt of Magma by Vehumet.
 17223 | Lair:2   | Reached skill level 10 in Spellcasting
 17475 | Lair:2   | Reached skill level 5 in Armour
 17475 | Lair:2   | Reached skill level 12 in Conjurations
 17475 | Lair:2   | Reached XP level 13. HP: 69/69 MP: 29/31
 17703 | Lair:2   | Lost mutation: Armour fits poorly on your strangely shaped body. [potion of cure mutation]
 17703 | Lair:2   | Lost mutation: You are dopey. (Int -2) [potion of cure mutation]
 17703 | Lair:2   | Lost mutation: You have an increased reservoir of magic. (+10% MP) [potion of cure mutation]
 17764 | Lair:1   | Gained mutation: You are partially covered in yellow scales. (AC +2) [potion of mutation]
 17764 | Lair:1   | Gained mutation: You are partially covered in rugged brown scales. (AC +1, +3% HP) [potion of mutation]
 17764 | Lair:1   | Gained mutation: Your muscles are strong. (Str +2) [potion of mutation]
 17765 | Lair:1   | Gained mutation: You are surrounded by a mild repulsion field. (EV +2) [potion of beneficial mutation]
 18323 | D:6      | Bought a glowing cloak for 294 gold pieces
 18474 | Lair:3   | Learned a level 1 spell: Animate Skeleton
 18476 | Lair:3   | Learned a level 1 spell: Summon Small Mammal
 18608 | Lair:3   | Found a staircase to the Shoals.
 18805 | Lair:3   | Reached skill level 1 in Summonings
 18857 | Lair:3   | Reached skill level 1 in Necromancy
 19379 | Lair:4   | Found a labyrinth entrance.
 19387 | Lab      | Entered a labyrinth
 19812 | Lab      | Noticed a minotaur
 19820 | Lab      | Killed a minotaur
 19866 | Lab      | Got an ancient crystal amulet
 19870 | Lair:4   | Identified the amulet of Ulebreile {+Rage rC+ Str-3 SInv} (You found it in a labyrinth)
 19904 | Lair:4   | Found a hole to the Spider Nest.
 19995 | Lair:4   | Gained mutation: You can fly continuously. [Tengu growth]
 19995 | Lair:4   | Reached XP level 14. HP: 56/77 MP: 3/29
 20411 | Lair:4   | Identified the +0 ring mail "Ighor" {Str+2 Dex+2} (You found it on level 4 of the Lair of Beasts)
 21203 | Lair:5   | Got a dazzling hand axe
 21204 | Lair:5   | Identified the +6 hand axe "Killer Bee's Doom" {protect, *Noise +Rage rElec SInv} (You found it on level 5 of the Lair of Beasts)
 21615 | Lair:5   | Got a crude glaive
 21616 | Lair:5   | Identified the +10 glaive of Faxzekext {freeze, Dex+4} (You found it on level 5 of the Lair of Beasts)
 21889 | Lair:5   | Found a runed door.
 21901 | Lair:5   | Reached skill level 5 in Short Blades
 21981 | Lair:5   | Reached ***** piety under Vehumet
 22195 | Lair:5   | Reached skill level 13 in Conjurations
 22291 | Lair:6   | Entered Level 6 of the Lair of Beasts
 22325 | Lair:6   | Offered knowledge of Airstrike by Vehumet.
 22473 | Lair:6   | Learned a level 4 spell: Airstrike
 22473 | Lair:6   | Found a staircase to the Slime Pits.
 22589 | Lair:6   | Learned a level 1 spell: Apportation
 23115 | Lair:6   | Found a burning altar of Makhleb.
 23430 | Lair:6   | Reached skill level 1 in Poison Magic
 24181 | Lair:6   | Noticed a dire elephant
 24215 | Lair:6   | Killed a dire elephant
 25133 | Lair:6   | Found a gateway to Hell.
 25140 | Lair:6   | Identified the Compendium of the Frostbite and Conjuration
 25147 | Lair:6   | Learned a level 4 spell: Force Lance
 25451 | Orc:1    | Entered Level 1 of the Orcish Mines
 25477 | Orc:1    | Noticed an orc warlord
 25499 | Orc:1    | Killed an orc warlord
 25509 | Orc:1    | Reached XP level 15. HP: 49/82 MP: 29/32
 25798 | D:9      | Reached skill level 10 in Air Magic
 26084 | Orc:1    | Found a roughly hewn altar of Beogh.
 26289 | Orc:1    | Upgraded the game from 0.20-a0-261-gcb1eca7 to 0.20-a0-263-g81abdfb
 26293 | Orc:2    | Entered Level 2 of the Orcish Mines
 26330 | Orc:2    | Found a staircase to the Elven Halls.
 26360 | Orc:2    | Noticed Saint Roka
 26802 | Orc:2    | Found a roughly hewn altar of Beogh.
 26812 | Orc:2    | Offered knowledge of Spellforged Servitor by Vehumet.
 27156 | Orc:2    | Reached skill level 14 in Conjurations
 27198 | Orc:2    | Noticed an orc warlord
 27597 | Orc:1    | Killed an orc warlord
 27980 | Orc:2    | Found Zuocuck's Antique Weapon Shoppe.
 27982 | Orc:2    | Found a roughly hewn altar of Beogh.
 27991 | Orc:2    | Found Cytten's Antique Armour Emporium.
 28016 | Orc:2    | Bought a scorched cloak for 218 gold pieces
 28026 | Orc:2    | Identified the -6 cloak "Caps" {rC+} (You bought it in a shop on level 2 of the Orcish Mines)
 28151 | Orc:2    | Found a roughly hewn altar of Beogh.
 28164 | Orc:2    | Reached skill level 1 in Shields
 28171 | Orc:2    | Found Edytusin's Antique Armour Shoppe.
 28349 | Orc:2    | Found a roughly hewn altar of Beogh.
 28449 | Orc:1    | Found a radiant altar of Vehumet.
 28490 | Orc:1    | Noticed Nergalle
 28502 | Orc:1    | Killed Nergalle
 28533 | Orc:1    | Offered knowledge of Poisonous Cloud by Vehumet.
 28889 | Orc:2    | Noticed an orc warlord
 29237 | Orc:2    | Killed an orc warlord
 29420 | Orc:2    | Found a roughly hewn altar of Beogh.
 29432 | Orc:2    | Found Getinyre's Book Shop.
 29710 | Orc:2    | Killed from afar by Saint Roka

Vault maps used:
D:1:      scummos_arrival_checkerplants
D:3:      minitemple, gup_sewer_entry_bowl, lemuel_angel_altar
D:4:      serial_shops, shop, uniq_edmund, uniq_crazy_yiuf_cottage
D:5:      basic_altar, first_bread, uniq_grinder, uniq_prince_ribbit1
D:6:      serial_shops, shop_fountains, uniq_blork_the_orc, uniq_eustachio,
          uniq_sigmund
D:7:      grunt_livestock
D:8:      vehumet_altar_wand_db
D:9:      kennysheep_mini, minmay_orc_entry_guard_dogs
D:10:     erik_lair_orcish_takeover, dk_rats_in_the_wall, uniq_sonja
Lair:1:   enter_volcano_3, lemuel_fruit_tree, grunt_megastairs_4, uniq_gastronok
Lair:2:   lemuel_fruit_fields, uniq_fannar
Lair:3:   elwin_shoals_entry_rooms
Lair:4:   dummy_spider_entry, lab_entry_generic, minivault_19,
          infiniplex_staircase_pool
Lair:5:   gammafunk_lair_enchanted_lake
Lair:6:   evil_forest, nicolae_slime_entry_slimehenge, grunt_megastairs_2
Orc:1:    orc_temple, basic_altar, uniq_nergalle
Orc:2:    grunt_orc_community_town_hall, grunt_orc_community_big_house_2,
          grunt_orc_community_big_house_1, grunt_orc_community_house_1,
          grunt_orc_community_house_2, grunt_orc_community_house_2,
          grunt_orc_community_house_3, grunt_orc_community_house_2,
          uniq_saint_roka
Lab:      nicolae_lab_grate, nicolae_lab_lava
Sewer:    sewer_co_scattered_pipes
Volcano:  volcano_tomb

Skill      XL: |  1  2  3  4  5  6  7  8  9 10 11 12 13 14 15 |
---------------+----------------------------------------------+-----
Fire Magic     | 4 5 6 7 9 10 11 | 11.9
Conjurations   | 2 3 4 5 6 8 10 11 12 13 14 | 14.4
Spellcasting   | 3 4 5 7 8 9 10 12 | 12.8
Fighting       | 1 2 3 4 |  4.0
Dodging        | 3 4 5 6 |  6.9
Stealth        | 3 4 5 6 7 |  7.7
Short Blades   | 2 3 4 5 |  5.5
Throwing       | 1 2 |  2.8
Air Magic      | 2 5 8 9 10 | 10.4
Ice Magic      | 1 |  1.6
Armour         | 2 5 6 |  6.3
Evocations     | 2 |  2.8
Summonings     | 2 3 |  3.6
Necromancy     | 2 4 |  4.9
Poison Magic   | 1 |  1.0
Shields        | 1 |  1.0
Maces & Flails | |  0.4
Charms         | |  0.1
Translocations | |  0.1

Action                   |  1- 3 |  4- 6 |  7- 9 | 10-12 | 13-15 || total
-------------------------+-------+-------+-------+-------+-------++-------
Melee: Club              |     2 |       |       |       |       ||     2
       Kick              |     1 |   176 |    34 |    78 |   337 ||   626
       Mace              |    19 |       |       |       |       ||    19
       Peck              |     1 |   123 |    21 |    51 |   227 ||   423
       Dagger            |       |   390 |   132 |   154 |   708 ||  1384
 Fire: Blowgun           |       |       |       |    52 |    15 ||    67
 Cast: Flame Tongue      |    39 |   145 |    97 |   174 |   126 ||   581
       Throw Flame       |    24 |    60 |    79 |    71 |   208 ||   442
       Conjure Flame     |       |     2 |     1 |    15 |    10 ||    28
       Sticky Flame      |       |       |    14 |    39 |    88 ||   141
       Freeze            |       |       |     4 |    12 |    10 ||    26
       Repel Missiles    |       |       |       |     2 |     5 ||     7
       Fireball          |       |       |       |    26 |    20 ||    46
       Stone Arrow       |       |       |       |     1 |     3 ||     4
       Animate Skeleton  |       |       |       |       |   126 ||   126
       Airstrike         |       |       |       |       |    63 ||    63
       Mephitic Cloud    |       |       |       |       |   107 ||   107
       Force Lance       |       |       |       |       |     9 ||     9
       Apportation       |       |       |       |       |     1 ||     1
 Abil: Fly               |       |     8 |     1 |    11 |    14 ||    34
Evoke: Wand              |       |       |       |     2 |     9 ||    11
  Use: Potion            |     2 |     1 |     5 |     4 |     5 ||    17
       Scroll            |       |     7 |    10 |     6 |     9 ||    32
 Stab: Sleeping          |       |     5 |     2 |     6 |    12 ||    25
       Distracted        |       |       |       |     1 |     2 ||     3
       Confused          |       |       |       |       |    56 ||    56
  Eat: Chunk             |     6 |    18 |    13 |    18 |    43 ||    98
       Pizza             |       |     1 |       |     1 |     2 ||     4
       Bread ration      |       |     1 |     1 |       |       ||     2
       Beef jerky        |       |       |       |     5 |       ||     5
       Royal jelly       |       |       |       |     1 |       ||     1
Armor: Robe              |     7 |     9 |    85 |    12 |       ||   113
       Ring mail         |       |       |     8 |    35 |   180 ||   223
       Skin              |       |       |     9 |       |       ||     9
Dodge: Dodged            |    17 |    73 |   185 |   169 |   501 ||   945
       Deflected         |       |       |       |     2 |     5 ||     7
Block: Buckler           |       |       |       |       |    49 ||    49
